 Dungeon Crawl Stone Soup version 0.18.1-48-g4cf74bf (webtiles) character file.

263 Gargoyl the Skirmisher (level 5, -1/43 HPs)
             Began as a Demonspawn Abyssal Knight on June 27, 2016.
             Was a Priest of Lugonu.
             Slain by an ice beast (2 damage)
             ... on level 4 of the Dungeon.
             The game lasted 00:08:44 (3882 turns).

Gargoyl the Skirmisher (Demonspawn Abyssal Knight)  Turns: 3882, Time: 00:08:45

Health: -1/43      AC:  9    Str: 14    XL:     5   Next: 98%
Magic:  15/15      EV:  9    Int: 13    God:    Lugonu [***...]
Gold:   91         SH:  0    Dex: 12    Spells: 0 memorised, 4 levels left

rFire  . . .     SeeInvis .     o - +1 war axe
rCold  + . .     Gourm    .     g - +0 scale mail
rNeg   . . .     Faith    .     (no shield)
rPois  .         Spirit   .     (helmet restricted)
rElec  .         Dismiss  .     s - +0 cloak
rCorr  .         Reflect  .     w - +0 pair of gloves (curse)
SustAt .         Harm     .     (no boots)
MR     .....                    (no amulet)
Stlth  ..........               v - ring of protection from cold
                                k - ring of magical power

@: lethally poisoned (-1 -> -15), heavily drained, not resistant to hostile
enchantments, extremely unstealthy
A: horns 1, rugged brown scales 1, powered by pain 1
a: Depart the Abyss, Bend Space, Banish, Renounce Religion


You were on level 4 of the Dungeon.
You worshipped Lugonu.
Lugonu was most pleased with you.
You were not hungry.

You visited 1 branch of the dungeon, and saw 4 of its levels.
You visited the Abyss 1 time.

You collected 91 gold pieces.

Inventory:

Hand Weapons
 o - a +1 war axe (weapon)
Missiles
 m - 6 tomahawks of returning (quivered)
Armour
 g - a +0 scale mail (worn)
 s - a +0 cloak (worn)
 w - a cursed +0 pair of gloves (worn)
Jewellery
 k - a ring of magical power (left hand)
 q - an uncursed ring of fire
 v - a ring of protection from cold (right hand)
Scrolls
 h - a scroll of identify
 l - 2 scrolls of enchant armour {unknown}
 n - a scroll of remove curse {unknown}
 t - a scroll of random uselessness {unknown}
 u - a scroll of fog {unknown}
Potions
 a - a potion of brilliance
 r - a potion of curing
Comestibles
 b - 2 meat rations
 c - 2 bread rations
 f - 2 slices of pizza
 j - a royal jelly
 x - 4 chunks of flesh


   Skills:
 + Level 4.1(2.8) Fighting
 + Level 2.5(1.2) Axes
 + Level 0.5(0.0) Throwing
 * Level 3.7(2.4) Armour
 + Level 2.5(1.2) Dodging
 + Level 0.4(0.0) Stealth
 + Level 2.6(1.3) Invocations


You had 4 spell levels left.
You didn't know any spells.

Dungeon Overview and Level Annotations

Branches:
Dungeon (4/15)
 Temple: D:4-7

Altars:
Makhleb
Qazlal
Vehumet
The Shining One


Innate Abilities, Weirdness & Mutations

You have a pair of small horns on your head.
You are partially covered in rugged brown scales (AC +1, +3% HP).
You sometimes gain a little power by taking damage.


Message History

The ice beast hits you. The ice beast freezes you. You resist.
The scorpion stings you.
You hit the scorpion.
The scorpion is heavily wounded.
You hit the ice beast but do no damage.
The ice beast is moderately wounded.
You feel sick. The ice beast hits you. The ice beast freezes you. You resist.
* * * LOW HITPOINT WARNING * * *
The scorpion misses you.
You closely miss the scorpion. Your headbutt misses the scorpion.
The scorpion is heavily wounded.
You barely miss the ice beast.
The ice beast is moderately wounded.
You feel sick.
The ice beast hits you but does no damage.
The scorpion stings you!
* * * LOW HITPOINT WARNING * * *
You are more poisoned.
The scorpion poisons you! The ice beast hits you.
You die...

.# .# .# ##+######.#
###.........#
............# ###
#.......(..+ ...
#....s@....# ## ###
......Y.....# #... .
##.#.#####..###.# #
#.#####......## #
#.....#........ .
.............##
###.###...##.#
...........#.########
.##.###.####.#.......


You could see an ice beast and a scorpion.

Vanquished Creatures
  A hound (D:4)
  An orc priest (D:4)
  3 orc wizards (D:4)
  An adder (D:2)
  A worm (D:2)
  3 giant geckos
  10 orcs
  5 giant cockroaches
  13 goblins
  10 hobgoblins
  8 jackals
  A ball python (D:1)
  13 bats
  2 giant newts
  14 kobolds
  13 rats
99 creatures vanquished.

Notes
Turn   | Place    | Note
--------------------------------------------------------------
     0 | Abyss:1  | Gargoyl the Demonspawn Abyssal Knight began the quest for the Orb.
     0 | Abyss:1  | Reached XP level 1. HP: 18/18 MP: 2/2
    51 | Abyss:2  | Found a corrupted altar of Lugonu.
    87 | Abyss:2  | Noticed a quasit
   106 | D:1      | Escaped the Abyss
   139 | D:1      | Reached * piety under Lugonu
   139 | D:1      | Reached skill level 1 in Dodging
   472 | D:1      | Gained mutation: You have a pair of small horns on your head. [demonic ancestry]
   472 | D:1      | Reached XP level 2. HP: 24/24 MP: 3/3
  1226 | D:1      | Gained mutation: You sometimes gain a little power by taking damage. [demonic ancestry]
  1226 | D:1      | Reached XP level 3. HP: 27/29 MP: 4/4
  1340 | D:2      | Reached ** piety under Lugonu
  2107 | D:2      | Reached XP level 4. HP: 35/36 MP: 5/5
  2584 | D:3      | Reached *** piety under Lugonu
  2683 | D:3      | Noticed an earth elemental
  2685 | D:3      | Found a stormy altar of Qazlal.
  2705 | D:3      | Noticed a fire elemental
  2705 | D:3      | Noticed a water elemental
  2705 | D:3      | Noticed an air elemental
  2972 | D:3      | Found a radiant altar of Vehumet.
  3169 | D:3      | Found a glowing golden altar of the Shining One.
  3169 | D:3      | Found a burning altar of Makhleb.
  3390 | D:4      | Gained mutation: You are partially covered in rugged brown scales (AC +1, +3% HP). [demonic ancestry]
  3390 | D:4      | Reached XP level 5. HP: 13/43 MP: 6/6
  3718 | D:4      | Reached skill level 4 in Fighting
  3875 | D:4      | Noticed an ice beast
  3882 | D:4      | HP: 1/43 [scorpion (7)]
  3882 | D:4      | Slain by an ice beast

Skill      XL: |  1  2  3  4  5 |
---------------+----------------+-----
Dodging        | 1 2 |  2.5
Armour         | 2 3 |  3.7
Axes           | 2 |  2.5
Fighting       | 4 |  4.1
Throwing       | |  0.5
Stealth        | |  0.4
Invocations    | |  2.6

Action                   |  1- 3 |  4- 6 || total
-------------------------+-------+-------++-------
Melee: Hand axe          |    84 |       ||    84
       Headbutt          |    15 |    24 ||    39
       War axe           |    80 |   145 ||   225
Throw: Tomahawk          |    12 |       ||    12
Invok: Depart the Abyss  |     1 |       ||     1
  Use: Potion            |     2 |     5 ||     7
       Scroll            |       |     6 ||     6
  Eat: Chunk             |     4 |     7 ||    11
Armor: Scale mail        |   108 |   161 ||   269
Dodge: Dodged            |   146 |   107 ||   253
